 Dungeon Crawl Stone Soup version 0.17-a0-105-g8f3376a (webtiles) character file.

968 Pikaro the Cutter (level 8, -3/38 HPs)
             Began as a Vine Stalker Assassin on Mar 18, 2015.
             Was an Initiate of Yredelemnul.
             Killed by divine providence
             ... invoked by an orc priest
              (6 damage)
             ... on level 5 of the Dungeon.
             The game lasted 00:10:15 (3886 turns).

Pikaro the Cutter (Vine Stalker Assassin)           Turns: 3886, Time: 00:10:15

Health: -3/38      AC:  4    Str: 14    XL:     8   Next: 16%
Magic:  0/11       EV: 11    Int: 11    God:    Yredelemnul [......]
Gold:   273        SH:  5    Dex: 18    Spells: 0 memorised, 7 levels left

rFire  + . .     SeeInvis .     a - +2 dagger
rCold  . . .     Clarity  .     C - +1 robe {rC+}
rNeg   + . .     SustAb   .     j - +0 buckler
rPois  .         Gourm    .     (no helmet)
rElec  .         Spirit   +     d - +0 cloak
rCorr  .         Warding  .     (no gloves)
rMut   +         Stasis   .     (no boots)
MR     +....                    t - amulet of resist mutation {rMut, !d}
Stlth  +++.......               i - ring of positive energy {rN+}
                                o - ring of fire {rF+, rC-}

@: lethally poisoned (-3 -> -3), somewhat resistant to hostile enchantments,
fairly stealthy
A: fangs 3, regeneration 2, magic shield, antimagic bite, no device heal 3, rot
immunity
a: Renounce Religion


You were on level 5 of the Dungeon.
You worshipped Yredelemnul.
Yredelemnul was noncommittal.
You were not hungry.

You visited 1 branch of the dungeon, and saw 5 of its levels.

You collected 273 gold pieces.

Inventory:

Hand weapons
 a - a +2 dagger (weapon)
 b - a +0 blowgun
Missiles
 e - 14 poisoned needles
 f - 10 curare-tipped needles
Armour
 d - a +0 cloak (worn)
 j - a +0 buckler (worn)
   (You found it on level 1 of the Dungeon)
 B - a +2 shield
   (You found it on level 4 of the Dungeon)
 C - a +1 robe of cold resistance (worn)
   (You took it off an orc wizard on level 5 of the Dungeon)
Jewellery
 i - a ring of positive energy (right hand) {rN+}
   (You found it on level 3 of the Dungeon)
 o - a ring of fire (left hand) {rF+, rC-}
   (You found it on level 2 of the Dungeon)
 t - an amulet of resist mutation (around neck) {rMut, !d}
   (You found it on level 2 of the Dungeon)
Scrolls
 c - a scroll of amnesia
 k - a scroll of remove curse
 p - 3 scrolls of teleportation
 y - a scroll of fog {unknown}
Potions
 l - a potion of brilliance
 m - a potion of flight
 n - 5 potions of curing
 q - 2 potions of might
 u - a potion of ambrosia {!q}
 v - a potion of heal wounds {unknown}
 x - a potion of agility
 A - a potion of haste {unknown}
Comestibles
 g - 3 bread rations
 h - 2 fruits
 s - a meat ration
 w - 2 royal jellies
 z - a chunk of flesh


   Skills:
 - Level 1.7 Fighting
 + Level 7.3 Short Blades
 - Level 1.7 Throwing
 - Level 0.7 Dodging
 - Level 4.8 Stealth
 - Level 4.0 Shields


You had 7 spell levels left.
You didn't know any spells.

Dungeon Overview and Level Annotations

Branches:
Dungeon (5/15)
 Temple: D:4-7

Altars:
Ashenzari
Elyvilon
Fedhas
Qazlal
Ru
Xom
Yredelemnul
Zin
The Shining One


Innate Abilities, Weirdness & Mutations

You have razor-sharp teeth.
You heal very quickly.
When hurt, damage is shared between your health and your magic reserves.
Your bite disrupts and absorbs the magic of your enemies.
Potions and wands cannot restore your health.
You are immune to rotting.


Message History

You destroy the phantom!
Your Short Blades skill increases to level 7!
You have reached level 8!
You feel stronger.
Your teeth grow very long and razor-sharp.
You regained 2 hp, and now have 22/38 hp.
MP restored: 11 You butcher the gnoll corpse.
n - 5 potions of curing (gained 1);
z - 2 chunks of flesh (gained 1)
You see here a spear.
You regained 2 hp, and now have 24/38 hp.
Items here: spear a whip; a gnoll corpse Wear which item? (? for menu, Esc to quit)
You start removing your armour.
You continue taking off your +0 leather armour. x4
You finish taking off your +0 leather armour.
You start putting on your armour.
You continue putting on your runed robe. x5
You finish putting on your +1 robe of cold resistance.
You feel resistant to cold.
You regained 5 hp, and now have 29/38 hp.
Drop what? 29/52 slots (_ for help) (? for menu, Esc to quit)
You drop a +0 leather armour.
You start resting.
Eating one of 2 chunks of flesh.
You continue eating. x2
Health restored: 38; Total turns waited: 16 You see here a spear.
Found a blossoming altar of Fedhas.
A water moccasin and an orc priest come into view.
An iguana and a giant mite come into view.
The orc priest calls down the wrath of Beogh upon you.
Something smites you!
You take 6 damage, and have 32/38 hp.
You now have 9/11 mp.
You hit the water moccasin. The water moccasin bites you.
The orc priest misses you.
You take 3 damage, and have 30/38 hp.
You now have 8/11 mp.
You hit the water moccasin but do no damage.
Your bite misses the water moccasin.
The iguana hisses angrily.
The water moccasin bites you.
You take 4 damage, and have 26/38 hp.
You now have 7/11 mp.
You hit the water moccasin!
The water moccasin bites you but does no damage.
The orc priest hits you with a short sword.
You now have 6/11 mp.
You closely miss the water moccasin. You bite the water moccasin.
You drain its power.
You feel invigorated.
The water moccasin completely misses you.
MP restored: 11 You barely miss the water moccasin.
The giant mite bites you.
The orc priest invokes the aid of Beogh against you.
You resist with significant effort.
The water moccasin bites you but does no damage.
You now have 10/11 mp.
You hit the water moccasin!
You kill the water moccasin!
The giant mite bites you but does no damage.
You hit the orc priest. The orc priest misses you.
You hit the orc priest.
The giant mite bites you but does no damage.
The orc priest closely misses you.
You hit the orc priest but do no damage.
You bite the orc priest, but do no damage.
You closely miss the orc priest. Your bite misses the orc priest.
You block the giant mite's attack.
The orc priest hits you with a short sword.
You now have 9/11 mp.
You hit the orc priest but do no damage.
Your bite misses the orc priest.
The giant frog zombie hits you but does no damage.
The iguana bites you but does no damage.
The giant mite bites you.
You are poisoned.
The giant mite poisons you!
You take 2 damage, and have 26/38 hp.
You now have 8/11 mp.
You feel sick. The giant frog zombie hits you.
The orc priest hits you with a short sword.
The giant mite closely misses you.
You take 3 damage, and have 23/38 hp.
You now have 6/11 mp.
The orc priest mumbles some strange prayers to Beogh against you.
Something smites you!
* * * LOW HITPOINT WARNING * * *
You block the giant frog zombie's attack.
You take 12 damage, and have 11/38 hp.
MASSIVE DAMAGE!!
You now have 3/11 mp.
The orc priest completely misses you.
You feel sick.
The orc priest mumbles some strange prayers to Beogh against you.
Pain shoots through your body!
* * * LOW HITPOINT WARNING * * *
You take 10 damage, and have 2/38 hp.
MASSIVE DAMAGE!!
You now have 1/11 mp.
The orc priest mumbles some strange prayers to Beogh against you.
Something smites you!
You die...
Your body rises from the dead as a mindless zombie.

.....#≈.≈≈.#
......####.##
..........?#
..8.....8..#
............#
#........$%.#
#........o..#
#....>.....l#########
.........sZ@........
..8.....8.##########
#.........#
#.######## .


You could see an iguana, an orc priest, a giant mite and a giant frog zombie.

Vanquished Creatures
  A water moccasin (D:5)
  2 ogres (D:4)
  A phantom (D:5)
  A scorpion (D:4)
  A crimson imp (D:3)
  An iguana (D:4)
  4 orc wizards (D:5)
  2 worker ants (D:4)
  12 adders
  12 gnolls
  3 worms
  4 giant geckos
  8 orcs
  A bat skeleton (D:4)
  5 giant cockroaches
  8 hobgoblins
  7 jackals
  10 kobolds
  A quokka (D:2)
  A ball python (D:4)
  8 bats
  6 giant newts
  12 goblins
  A quokka skeleton (D:4)
  12 rats
124 creatures vanquished.

Notes
Turn   | Place    | Note
--------------------------------------------------------------
     0 | D:1      | Pikaro, the Vine Stalker Assassin, began the quest for the Orb.
     0 | D:1      | Reached XP level 1. HP: 11/11 MP: 1/1
    32 | D:1      | Reached skill level 2 in Short Blades
    99 | D:1      | Reached XP level 2. HP: 10/15 MP: 3/3
   141 | D:1      | Reached skill level 1 in Shields
   204 | D:1      | Reached XP level 3. HP: 16/18 MP: 2/4
   391 | D:1      | Reached skill level 3 in Short Blades
   721 | D:2      | Reached XP level 4. HP: 20/23 MP: 5/5
   920 | D:2      | Reached skill level 2 in Shields
  1002 | D:2      | HP: 5/23 [gnoll (5)]
  1008 | D:2      | HP: 5/23 [poisoned by an adder]
  1078 | D:2      | Reached XP level 5. HP: 12/26 MP: 4/7
  1533 | D:3      | Found a sacrificial altar of Ru.
  1667 | D:3      | Reached skill level 4 in Short Blades
  1765 | D:3      | Reached skill level 3 in Shields
  1931 | D:3      | Gained mutation: You heal very quickly. [vine stalker growth]
  1931 | D:3      | Reached XP level 6. HP: 30/30 MP: 8/8
  2581 | D:4      | Reached skill level 5 in Short Blades
  2610 | D:4      | HP: 7/30 [gnoll/spear (5)]
  2724 | D:4      | Reached XP level 7. HP: 28/34 MP: 9/9
  2736 | D:4      | HP: 7/34 [iguana (8)]
  2741 | D:4      | Reached skill level 4 in Shields
  2741 | D:4      | HP: 7/34 [poisoned by an adder]
  3011 | D:4      | Found a stormy altar of Qazlal.
  3192 | D:4      | Found a glowing silver altar of Zin.
  3382 | D:4      | Reached skill level 6 in Short Blades
  3424 | D:4      | Found a basalt altar of Yredelemnul.
  3428 | D:4      | Found a shimmering altar of Xom.
  3428 | D:4      | Found a shattered altar of Ashenzari.
  3440 | D:4      | Found a white marble altar of Elyvilon.
  3453 | D:4      | Became a worshipper of Yredelemnul the Dark
  3465 | D:4      | Found a glowing golden altar of the Shining One.
  3543 | D:5      | Entered Level 5 of the Dungeon
  3658 | D:5      | HP: 8/34 [orc wizard/dagger (2)]
  3668 | D:5      | HP: 8/34 [orc wizard/dagger (2)]
  3673 | D:5      | HP: 7/34 [orc/tomahawk (3)]
  3823 | D:5      | Reached skill level 7 in Short Blades
  3823 | D:5      | Gained mutation: You have razor-sharp teeth. [vine stalker growth]
  3823 | D:5      | Reached XP level 8. HP: 22/38 MP: 11/11
  3858 | D:5      | Found a blossoming altar of Fedhas.
  3885 | D:5      | HP: 2/38 [orc priest/nerve-wracking pain (9)]
  3886 | D:5      | Killed from afar by an orc priest

Action                   |  1- 3 |  4- 6 |  7- 9 || total
-------------------------+-------+-------+-------++-------
Melee: Dagger            |    85 |   151 |   144 ||   380
  Use: Scroll            |       |     6 |     3 ||     9
 Stab: Sleeping          |     9 |     8 |     3 ||    20
  Eat: Chunk             |       |     6 |     4 ||    10

Vault maps used:
D:1:      dpeg_arrival_round_c
D:2:      first_bread
D:3:      nicolae_ru_sacrificial_ziggurat, grunt_decor_fettered,
          dk_noncrumbling_4
D:4:      zin_treasury, minmay_overflow_temple_star_hex, minmay_splitting_lines,
          grunt_qazlal_clouds
D:5:      fedhas_altar_2, nicolae_gozag_seed_capital, st_stairs_1

Table legend:
 A = Turns spent in this place as a percentage of turns spent in the entire game.
 B = Non-inter-level travel turns spent in this place as a percentage of non-inter-level travel turns spent in the entire game.
 C = Inter-level travel turns spent in this place as a percentage of turns spent in this place.
 D = Turns resting spent in this place as a percentage of non-inter-level travel turns spent in this place.
 E = Turns spent auto-exploring this place as a percentage of non-inter-level travel turns spent in this place.
 F = Non-inter-level travel turns spent in this place divided by the number of levels of this place that you've seen.
                   A       B       C       D       E      F
               +-------+-------+-------+-------+-------+----------------------
         Total | 100.0 | 100.0 |   0.3 |   3.6 |   8.5 | 292.2
       Dungeon | 100.0 | 100.0 |   0.3 |   3.6 |   8.5 | 292.2
               +-------+-------+-------+-------+-------+----------------------

Table legend:
 A = Kills in this place as a percentage of kills in entire the game.
 B = Kills by you in this place as a percentage of kills by you in the entire game.
 C = Kills by friends in this place as a percentage of kills by friends in the entire game.
 D = Other kills in this place as a percentage of other kills in the entire game.
 E = Experience gained in this place as a percentage of experience gained in the entire game.
 F = Experience gained in this place divided by the number of levels of this place that you have seen.
                   A       B       C       D       E      F
               +-------+-------+-------+-------+-------+----------------------
         Total | 100.0 | 100.0 |  -nan |  -nan | 100.0 | 276.8
       Dungeon | 100.0 | 100.0 |  -nan |  -nan | 100.0 | 276.8
               +-------+-------+-------+-------+-------+----------------------
